AoeStats
← Chino Mala Gente

Arabia

509892257Analyzed
1v1 RM · 3d ago on Sep 28, 2026· 40m 30s· 2 players
Game mode
Random Map
Map size
Tiny (2 player)
Population
200
Speed
Normal
Resources
Standard
Victory
Conquest
Starting age
Dark Age
Ending age
Imperial Age
RankedLock teamsTeams togetherTeam positionsShared explorationLock speedFull tech treeHidden civsTurbo modeCheats
Victory
Defeat
🇨🇴 Mongols · Colombia
1238
+16
🇸🇬 Mongols · Singapore
1237
-16
Jungle The Quest
7:26 Loom
10:10 Feudal Age
15:38 Horse Collar
22:41 Castle Age
20:35 Gold Mining
23:01 Pikeman
23:06 Crossbowman
23:42 Double-Bit Axe
24:49 Fletching
25:05 Scale Barding Armor
26:18 Bloodlines
26:18 Bodkin Arrow
29:11 Forging
30:05 Padded Archer Armor
31:08 Wheelbarrow
31:28 Elite Skirmisher
34:52 Town Watch
38:15 Husbandry
41:18 Imperial Age
40:22 Ballistics
Chino Mala Gente
5:02 Loom
7:54 Feudal Age
14:26 Horse Collar
14:33 Double-Bit Axe
19:48 Castle Age
20:15 Bloodlines
25:39 Fletching
27:06 Bodkin Arrow
29:16 Ballistics
29:05 Husbandry
30:40 Padded Archer Armor
36:17 Imperial Age
35:08 Leather Archer Armor
35:49 Wheelbarrow
35:30 Scale Barding Armor
35:36 Forging
36:35 Bow Saw
36:31 Heavy Plow
36:25 Gold Mining
38:29 Bracer
39:34 Chemistry
Connection lost

Rejoining the realm…

Still unreachable

The connection could not be restored.

Session expired

The server has moved on; the page needs a fresh start.